 Dungeon Crawl Stone Soup version 0.28-b1-25-g9875b3fc8c (webtiles) character file.

Game seed: 114074657999419977

3265 crazypyro the Cleaver (level 9, -16/111 HPs)
             Began as a Demonspawn Fighter on Feb 1, 2022.
             Was an Initiate of Gozag.
             Demolished by a two-headed ogre (17 damage)
             ... on level 8 of the Dungeon.
             The game lasted 00:09:30 (6918 turns).

crazypyro the Cleaver (Demonspawn Fighter)          Turns: 6918, Time: 00:09:31

Health: -16/111    AC: 24    Str: 20    XL:     9   Next: 68%
Magic:  9/9        EV:  2    Int: 13    God:    Gozag
Gold:   275        SH: 16    Dex: 14    Spells: 8/8 levels left

rFire   . . .      SeeInvis .   a - +1 war axe (flame)
rCold   . . .      Faith    .   c - +1 buckler
rNeg    . . .      Spirit   .   (armour currently unavailable)
rPois   +          Reflect  +   (helmet currently unavailable)
rElec   .          Harm     .   (cloak currently unavailable)
rCorr   +          Rampage  .   (gloves currently unavailable)
Will    .....      NoTele   +   (boots currently unavailable)
Stlth   +.........              B - amulet of reflection
HPRegen 0.28/turn               j - ring of resist corrosion
MPRegen 0.11/turn               (no ring)

@: tree-form, attractive, studying 3 skills
A: stationary, stasis, torment immunity, boosted hp, (thin metallic scales 2),
condensation shield, (weakness stinger 1), agile 1, clever 1, robust 1
a: Renounce Religion, Potion Petition, Call Merchant, Bribe Branch


You were on level 8 of the Dungeon.
You worshipped Gozag.
Gozag was aware of your devotion.
You were a tree.
You visited 1 branch of the dungeon, and saw 8 of its levels.

You collected 2093 gold pieces.
You spent 1760 gold pieces at shops.
You paid 58 gold pieces to Gozag.

Inventory:

Hand Weapons
 a - a +1 war axe of flaming (weapon)
 h - a +0 war axe
Armour
 b - a +0 scale mail
 c - a +1 buckler (worn)
 n - a scarf of repulsion (melded)
 w - the +0 scale mail "Dumauzy" (melded) {rElec rF++ Str-4 Slay+2}
   (You found it on level 6 of the Dungeon)

   Str:       It affects your strength (-4).
   Slay:      It affects your accuracy & damage with ranged weapons and melee
   (+2).
   rF:        It greatly protects you from fire.
   rElec:     It insulates you from electricity.
 y - a +0 pair of boots (melded)
Jewellery
 j - a ring of resist corrosion (left branch)
 k - a ring of wizardry
 o - a ring of magical power
 B - an amulet of reflection (around neck)
Wands
 g - a wand of iceblast (16)
 m - a wand of flame (56)
 s - a wand of charming (10)
 u - a wand of acid (12)
Scrolls
 f - a scroll of fog
 l - a scroll of amnesia
 q - 4 scrolls of teleportation
 r - 3 scrolls of blinking
 v - 5 scrolls of identify
 x - a scroll of magic mapping
 z - a scroll of brand weapon
 A - a scroll of enchant armour
 C - a scroll of holy word {unknown}
Potions
 d - a potion of attraction
 e - 2 potions of haste
 p - a potion of ambrosia


   Skills:
 - Level 5.2 Fighting
 * Level 8.8 Axes
 * Level 7.7 Armour
 - Level 3.1 Dodging
 * Level 7.8 Shields


You had 8 spell levels left.
You didn't know any spells.
Your spell library contained the following spells:

 Spells                   Type           Power      Damage    Failure   Level
 Magic Dart               Conj           0%         1d3       36%         1
 Call Imp                 Summ           0%         N/A       50%         2
 Mephitic Cloud           Conj/Pois/Air  0%         N/A       75%         3


Dungeon Overview and Level Annotations

Branches:
Dungeon (8/15)             Temple (0/1) D:6
   Lair: D:8-11

Altars:
Ashenzari
Fedhas
Gozag
Hepliaklqana
Makhleb
Qazlal
Trog
Vehumet
Wu Jian
Xom
Zin
The Shining One

Shops:
D:5 :


Innate Abilities, Weirdness & Mutations

You are a tree.
Your roots penetrate the ground, keeping you stationary.
You cannot be teleported.
You are immune to unholy pain and torment.
Your maximum health is greatly increased.
Your equipment is partially melded.
((You are mostly covered in thin metallic scales. (AC +3)))
A meltable shield of frost defends you. (SH +4)
((You have a small tail.))
You are agile. (Dex +2)
Your mind is acute. (Int +2)
You are robust. (+10% HP)


Message History

You turn into a tree.
Your scarf of repulsion melds into your body.
Your +0 pair of boots melds into your body.
The +0 scale mail "Dumauzy" {rElec rF++ Str-4 Slay+2} melds into your body.
The haze of the repulsion field disappears.
Your roots penetrate the ground.
You slash the two-headed ogre! You burn the two-headed ogre.
The two-headed ogre is heavily wounded.
You block the two-headed ogre's attack.
The two-headed ogre hits you but does no damage.
You hit the two-headed ogre. You burn the two-headed ogre.
The two-headed ogre is heavily wounded.
The two-headed ogre hits you but does no damage.
The two-headed ogre hits you with a +0 giant club.
You hit the two-headed ogre. You burn the two-headed ogre.
The two-headed ogre is heavily wounded.
The two-headed ogre hits you with a +0 giant club! x2
* * * LOW HITPOINT WARNING * * *
You barely miss the two-headed ogre.
The two-headed ogre is heavily wounded.
The two-headed ogre hits you with a +0 giant club!
* * * LOW HITPOINT WARNING * * *
You block the two-headed ogre's attack.
You feel better. You block the two-headed ogre's attack.
The two-headed ogre hits you with a +0 giant club!
* * * LOW HITPOINT WARNING * * *
It was a potion of attraction.
You feel attractive to monsters.
You feel better. You block the two-headed ogre's attack.
The two-headed ogre hits you but does no damage.
You slash the two-headed ogre! You burn the two-headed ogre.
The two-headed ogre is almost dead.
The two-headed ogre hits you but does no damage. x2
You hit the two-headed ogre. You burn the two-headed ogre.
The two-headed ogre is almost dead.
The two-headed ogre hits you with a +0 giant club!
* * * LOW HITPOINT WARNING * * *
The two-headed ogre hits you with a +0 giant club!
You die...
Your body crumbles into a pile of gold.

.#.# #..##.............#
....##..##...#.........#
#......##.............#
#..........#..........#
#.......$....#.##......
#..............##......
#.........###..###.....
#....$.........##......
......#♣##.###..........
.....##O##.# .#........
......yyy..# ..........
.....##yy..# ..........
.... #..### #........
... ...# #........ #.
.... ##......< . ...#
#........ .y...
#........


You could see a two-headed ogre and 5 killer bees.

Vanquished Creatures
  Pikel (D:8)
  2 centaur zombies
  Psyche (D:8)
  A shadow (D:7)
  A steam dragon (D:8)
  Edmund (D:6)
  3 water moccasins
  2 ice beasts
  3 centaurs
  4 ogres
  A phantom (D:5)
  A gnoll sergeant (D:7)
  2 howler monkeys (D:7)
  A bullfrog zombie (D:6)
  A jelly (D:5)
  3 hounds
  2 iguanas
  An orc wizard (D:6)
  A killer bee zombie (D:7)
  A hound zombie (D:5)
  A howler monkey zombie (D:5)
  6 adders
  3 gnolls (D:7)
  2 shadow imps (D:7)
  2 white imps
  An ufetubus (D:6)
  4 dart slugs
  14 orcs
  9 endoplasms
  3 giant cockroaches
  7 goblins
  10 hobgoblins
  10 kobolds
  4 quokkas
  A ball python (D:1)
  5 bats
  2 frilled lizards
  10 rats
127 creatures vanquished.

Vanquished Creatures (others)
  11 fungi (D:6)
11 creatures vanquished.

Grand Total: 138 creatures vanquished

Notes
Turn   | Place    | Note
-------+----------+-------------------------------------------
     0 | D:1      | crazypyro the Demonspawn Fighter began the quest for the
                  | Orb.
     0 | D:1      | Reached XP level 1. HP: 18/18 MP: 1/1
   143 | D:1      | Reached skill level 2 in Axes
   143 | D:1      | Gained mutation: You are partially covered in thin metallic
                  | scales. (AC +2) [demonic ancestry]
   143 | D:1      | Reached XP level 2. HP: 12/24 MP: 2/2
   668 | D:1      | Reached XP level 3. HP: 29/29 MP: 3/3
   817 | D:2      | Found a faded altar of an unknown god.
  1196 | D:2      | Gained mutation: You are mostly covered in thin metallic
                  | scales. (AC +3) [demonic ancestry]
  1196 | D:2      | Reached XP level 4. HP: 31/36 MP: 4/4
  1315 | D:2      | Reached skill level 3 in Axes
  2056 | D:3      | Noticed a water moccasin
  2068 | D:3      | HP: 2/54 [poisoned by a water moccasin]
  2077 | D:3      | Killed a water moccasin
  2078 | D:3      | Reached skill level 4 in Axes
  2078 | D:3      | Gained mutation: A meltable shield of frost defends you.
                  | (SH +4) [demonic ancestry]
  2078 | D:3      | Reached XP level 5. HP: 15/41 MP: 5/5
  2652 | D:4      | Noticed an ogre
  2656 | D:4      | Killed an ogre
  2657 | D:4      | Reached skill level 5 in Axes
  2657 | D:4      | Reached XP level 6. HP: 20/47 MP: 6/6
  2885 | D:4      | Gained mutation: You are agile. (Dex +2) [potion of
                  | mutation]
  2885 | D:4      | Gained mutation: Your mind is acute. (Int +2) [potion of
                  | mutation]
  2885 | D:4      | Gained mutation: You are robust. (+10% HP) [potion of
                  | mutation]
  3273 | D:4      | Found a shimmering altar of Xom.
  3276 | D:4      | Found an opulent altar of Gozag.
  3281 | D:4      | Found a stormy altar of Qazlal.
  3281 | D:4      | Found a burning altar of Makhleb.
  3284 | D:4      | Found a radiant altar of Vehumet.
  3285 | D:4      | Found a broken altar of Ashenzari.
  3286 | D:4      | Found a hazy altar of Hepliaklqana.
  3321 | D:4      | Became a worshipper of Gozag Ym Sagoz the Greedy
  3401 | D:5      | Entered Level 5 of the Dungeon
  3476 | D:5      | Reached skill level 6 in Axes
  3476 | D:5      | Reached XP level 7. HP: 42/58 MP: 7/7
  3679 | D:5      | Reached skill level 1 in Dodging
  3921 | D:5      | Found Kaleedgh's Self-Improvement Boutique.
  4117 | D:5      | Found a blossoming altar of Fedhas.
  4117 | D:5      | Found a bloodstained altar of Trog.
  4118 | D:5      | Found an ornate altar of the Wu Jian Council.
  4532 | D:6      | Gained mutation: You have a small tail. [demonic ancestry]
  4532 | D:6      | Reached XP level 8. HP: 66/67 MP: 8/8
  4743 | D:6      | Reached skill level 7 in Axes
  4762 | D:6      | Noticed Edmund
  4767 | D:6      | Killed Edmund
  5086 | D:6      | Found a staircase to the Ecumenical Temple.
  5240 | D:6      | Identified the +0 scale mail "Dumauzy" {rElec rF++ Str-4
                  | Slay+2}
  5259 | D:6      | Reached skill level 5 in Fighting
  5793 | D:7      | Identified a scroll of acquirement
  5793 | D:7      | Acquired 1354 gold pieces
  5849 | D:5      | Bought a manual of Armour for 880 gold pieces
  5849 | D:5      | Bought a manual of Shields for 880 gold pieces
  6123 | D:7      | Reached skill level 5 in Armour
  6123 | D:7      | Reached skill level 5 in Shields
  6125 | D:7      | Reached XP level 9. HP: 58/74 MP: 9/9
  6780 | D:8      | Noticed Psyche
  6784 | D:8      | Killed Psyche
  6785 | D:8      | Reached skill level 8 in Axes
  6888 | D:8      | Noticed Pikel
  6891 | D:8      | Noticed a two-headed ogre
  6906 | D:8      | Killed Pikel
  6914 | D:8      | HP: 3/111 [two-headed ogre (13)]
  6918 | D:8      | HP: 1/111 [two-headed ogre (12)]
  6918 | D:8      | Demolished by a two-headed ogre

Illustrated notes

Levels and vault maps discovered:
D:1:      dpeg_arrival_radiant, layout_rooms
D:2:      layout_basic, ebering_ecumenical_altar_hall
D:3:      layout_basic, corexii_corridor_pit
D:4:      layout_rooms, minitemple, mrwooster_statue_mirror, minmay_circle_x
D:5:      layout_basic, gammafunk_temple_overflow_forgotten,
          hangedman_abyss_or_decor_stagger, nicolae_shop_self_help
D:6:      layout_loops_ring, minmay_temple_entry_drinking_statues,
          serial_aquarium, aquarium_bridge_square [aquarium_subvault_wall,
          aquarium_subvault_window, aquarium_subvault_bridge,
          aquarium_subvault_wall], aquarium_bridge_square
          [aquarium_subvault_bridge, aquarium_subvault_balcony,
          aquarium_subvault_bridge, aquarium_subvault_bridge],
          aquarium_window_1, aquarium_window_corner, aquarium_view_4,
          uniq_edmund
D:7:      layout_cave_pools, st_stairs_14, nicolae_zen_rock_garden
D:8:      layout_rooms, uniq_pikel, uniq_psyche

Skill      XL: |  1  2  3  4  5  6  7  8  9 |
---------------+----------------------------+-----
Axes           | 2 4 5 6 7 8 |  8.8
Armour         | 3 5 7 |  7.7
Shields        | 3 5 7 |  7.8
Fighting       | 4 5 |  5.2
Dodging        | 2 3 |  3.1

Action                   |  1- 3 |  4- 6 |  7- 9 || total
-------------------------+-------+-------+-------++-------
Melee: War axe           |    97 |   119 |   198 ||   414
       Tailslap          |       |       |    17 ||    17
  Use: Scroll            |       |    12 |     4 ||    16
       Potion            |       |     4 |     7 ||    11
 Stab: Distracted        |       |       |     2 ||     2
Armor: Scale mail        |    63 |    50 |    82 ||   195
       Skin              |       |    14 |     5 ||    19
Dodge: Dodged            |    50 |    37 |    75 ||   162
Block: Buckler           |    25 |    32 |   107 ||   164
       Reflection        |       |       |     4 ||     4
